 Dungeon Crawl Stone Soup version 0.27.1-3-gb3d3a73c9e (webtiles) character file.

Game seed: 5795382731642336061

48 Urokeeper the Vexing (level 3, 4/20 HPs)
             Began as a Deep Elf Arcane Marksman on Oct 13, 2021.
             Quit the game on level 3 of the Dungeon.
             The game lasted 00:04:10 (2378 turns).

Urokeeper the Vexing (Deep Elf Arcane Marksman)     Turns: 2378, Time: 00:04:11

Health: 4/20       AC:  3    Str:  7    XL:     3   Next: 50%
Magic:  7/7        EV: 12    Int: 17    God:
Gold:   75         SH:  0    Dex: 16    Spells: 4/5 levels left

rFire    . . .     SeeInvis .   a - +0 shortbow (vorpal)
rCold    . . .     Faith    .   (shield currently unavailable)
rNeg     . . .     Spirit   .   g - +0 leather armour
rPois    .         Reflect  .   (no helmet)
rElec    .         Harm     .   (no cloak)
rCorr    .         Rampage  .   (no gloves)
Will     .....                  (no boots)
Stlth    ++........             (no amulet)
HPRegen  0.06/turn              e - ring of wizardry
MPRegen  0.10/turn              (no ring)

@: no status effects
A: no striking features
a: no special abilities


You were on level 3 of the Dungeon.
You visited 1 branch of the dungeon, and saw 3 of its levels.

You collected 75 gold pieces.

Inventory:

Hand Weapons
 a - a +0 vorpal shortbow (weapon)
 h - a +0 spear
Missiles
 c - 23 arrows (quivered ammo)
Armour
 d - a +0 robe
 g - a +0 leather armour (worn)
Jewellery
 e - a ring of wizardry (left hand)
Scrolls
 b - a scroll of blinking
Potions
 i - a potion of magic
 k - a potion of heal wounds {unknown}


   Skills:
 + Level 1.2 Fighting
 + Level 3.4 Bows
 + Level 3.1 Dodging
 + Level 1.4 Stealth
 - Level 1.5 Spellcasting
 - Level 4.5 Hexes


You had 4 spell levels left.
You knew the following spells:

 Your Spells              Type           Power      Damage    Failure   Level
a - Corona                Hex            17%        N/A       1%          1

Your spell library contained the following spells:

 Spells                   Type           Power      Damage    Failure   Level
 Slow                     Hex            16%        N/A       2%          2
 Tukima's Dance           Hex            16%        N/A       6%          3
 Ensorcelled Hibernation  Hex/Ice        18%        N/A       8%          2
 Inner Flame              Hex/Fire       9%         N/A       16%         3
 Portal Projectile        Hex/Tloc       18%        N/A       16%         3
 Static Discharge         Conj/Air       1%         N/A       19%         2
 Cause Fear               Hex            8%         N/A       19%         4
 Gell's Gravitas          Tloc           0%         N/A       34%         3
 Teleport Other           Tloc           1%         N/A       34%         3
 Dispel Undead            Necr           1%         3d6       73%         4
 Sticky Flame             Conj/Fire      1%         2d3       73%         4
 Dispersal                Tloc           0%         N/A       100%        6


Dungeon Overview and Level Annotations

Branches:
Dungeon (3/15)

Altars:
Gozag


Message History

You shoot an arrow. The arrow completely misses the gnoll.
The gnoll barely misses you.
You shoot an arrow. The arrow barely misses the gnoll.
The arrow closely misses the hobgoblin.
The gnoll barely misses you.
You shoot an arrow. The arrow hits the gnoll!
The gnoll is severely wounded.
The gnoll barely misses you. The hobgoblin barely misses you.
You shoot an arrow. The arrow hits the hobgoblin.
The hobgoblin is heavily wounded.
The gnoll hits you from afar with a +0 spear.
The gnoll hits you from afar with a +0 halberd.
The hobgoblin misses you.
You are too injured to fight recklessly!
You are too injured to fight recklessly!
You are too injured to fight recklessly!
Unknown command.
Sorry, you're not good enough to have a special ability.
Okay, then.
The hobgoblin hits you.
* * * LOW HITPOINT WARNING * * *
There is an open door here.
You open the door.
A jackal comes into view.
The jackal barks!
You hear a bark! x2
A rat comes into view.
The hobgoblin closely misses you.
Found a bubbling purple potion.
A jackal comes into view.
There is an open door here.
The jackal closely misses you.
You see here a bubbling purple potion.
You are too injured to fight recklessly!
You are too injured to fight recklessly!
You are too injured to fight recklessly!
You are too injured to fight recklessly!
You are too injured to fight recklessly!
Unknown command.
Unknown command.
Unknown command.
Are you sure you want to abandon this character and quit the game? (Confirm with "yes".)

#.....# ###. #.###.#
#.# ## #.....### #.# #
+.._.g'.# ##.# #
#....g#.# .##.#
#.###.#.#####.##.#
#.....#.......##.# #
#+###g###...####.#####
#.@# #.#...........
#h## ########.#####
..h #.# # ###. #.# .r
##.# #. #..# ## ####


You could see 2 gnolls, 2 jackals, a hobgoblin and a rat (wandering).

Vanquished Creatures
  A gnoll (D:3)
  An adder (D:2)
  A worm (D:2)
  A dart slug (D:2)
  An orc (D:2)
  4 ball pythons
  5 bats
  An endoplasm (D:1)
  A giant cockroach (D:2)
  A goblin (D:1)
  2 hobgoblins
  A quokka (D:1)
  2 frilled lizards
  A rat (D:2)
23 creatures vanquished.

Notes
Turn   | Place    | Note
-------+----------+-------------------------------------------
     0 | D:1      | Urokeeper the Deep Elf Arcane Marksman began the quest for
                  | the Orb.
     0 | D:1      | Reached XP level 1. HP: 11/11 MP: 5/5
   542 | D:1      | Reached XP level 2. HP: 16/16 MP: 6/6
   679 | D:1      | Found a faded altar of an unknown god.
  1294 | D:2      | Reached skill level 1 in Fighting
  1797 | D:2      | Reached skill level 1 in Stealth
  1797 | D:2      | Reached XP level 3. HP: 20/20 MP: 7/7
  2312 | D:3      | Found an opulent altar of Gozag.
  2378 | D:3      | Quit the game

Illustrated notes

Levels and vault maps discovered:
D:1:      shiori_arrival_oz, layout_basic,
          dreamdust_ecumenical_altar_hidden_monk_grotto
D:2:      layout_basic, serial_curves, eino_curves_02, eino_curves_03
D:3:      layout_loops_ring, mainiacjoe_overflow_six_doors_small,
          gammafunk_ghost_cemetery

Skill      XL: |  1  2 |
---------------+-------+-----
Bows           | 3 |  3.4
Fighting       | 1 |  1.2
Dodging        | 3 |  3.1
Stealth        | 1 |  1.4
Spellcasting   | |  1.5
Hexes          | |  4.5

Action                   || total
-------------------------++-------
 Fire: Shortbow          ||    82
  Use: Scroll            ||     4
Armor: Robe              ||     2
       Leather armour    ||     5
Dodge: Dodged            ||    14
